[Event "Titled Tuesday Blitz March 22 Late 2022"]
[White "Spata, German"]
[Black "Papasimakopoulos, Alexandros"]
[WhiteFideId "113026"]
[BlackFideId "4244125"]
[WhiteElo "2238"]
[BlackElo "2340"]
[Result "0-1"]
[Round "07"]
[TimeControl "180+1"]
[Date "2022.03.22"]
[WhiteClock "0:00:23"]
[BlackClock "0:00:44"]

1. Nf3 f5 2. g3 Nf6 3. Bg2 g6 4. O-O Bg7 5. c4 O-O 6. Nc3 d6 7. d4 e6 8. Re1 Ne4 9. Qc2 Nxc3 10. bxc3 Nc6 11. e4 e5 12. dxe5 dxe5 13. Ba3 Re8 14. Rad1 Qf6 15. exf5 gxf5 16. Nd2 e4 17. Bb2 Ne5 18. c5 Be6 19. Nb3 Nd3 20. Nd4 Nxe1 21. Rxe1 Bc4 22. Qa4 Bd3 23. Bh3 f4 24. Qb3+ Kh8 25. Ne6 fxg3 26. hxg3 Rf8 27. Nf4 b6 28. Ba1 Qf7 29. c4 Bxa1 30. Rxa1 Qg7 0-1


[Site "https://www.chess.com"]

[Event "Titled Tuesday Blitz March 22 Late 2022"]
[White "Stanisz, Patryk"]
[Black "Petrova, Irina"]
[WhiteFideId "1123106"]
[BlackFideId "14124122"]
[WhiteElo "1876"]
[BlackElo "1993"]
[Result "0-1"]
[Round "07"]
[TimeControl "180+1"]
[Date "2022.03.22"]
[WhiteClock "0:00:04"]
[BlackClock "0:00:40"]

1. Nf3 d6 2. c4 e5 3. e3 f5 4. b3 Nf6 5. Bb2 g6 6. d4 e4 7. Nfd2 Bg7 8. Nc3 O-O 9. Be2 c6 10. Qc2 Na6 11. a3 Nc7 12. h3 Be6 13. b4 a5 14. b5 cxb5 15. Nxb5 Nxb5 16. cxb5 Rc8 17. Qa4 Kh8 18. O-O g5 19. Rac1 Rxc1 20. Rxc1 f4 21. Nc4 f3 22. Bf1 fxg2 23. Bxg2 g4 24. h4 Nd5 25. Nd2 Qxh4 26. Nxe4 Nf6 27. Ng3 Nh5 28. Nxh5 Qxh5 29. Qxa5 g3 30. fxg3 Qe2 31. Qc3 Qf2+ 32. Kh2 Rf6 33. Qc8+ Bxc8 34. Rxc8+ Rf8 35. Rxf8+ Qxf8 36. d5 Bxb2 0-1


[Site "https://www.chess.com"]

[Event "Titled Tuesday Blitz March 22 Late 2022"]
[White "Svicevic, Rastko"]
[Black "Elissalt Cardenas, Hector"]
[WhiteFideId "916315"]
[BlackFideId "3500632"]
[WhiteElo "2132"]
[BlackElo "2159"]
[Result "0-1"]
[Round "07"]
[TimeControl "180+1"]
[Date "2022.03.22"]
[WhiteClock "0:00:29"]
[BlackClock "0:00:20"]

1. d4 d5 2. Bg5 Nc6 3. e3 f6 4. Bh4 e5 5. dxe5 Nxe5 6. Nf3 Nxf3+ 7. Qxf3 Nh6 8. Bd3 Bg4 9. Qf4 g5 10. Bxg5 fxg5 11. Qe5+ Kf7 12. Qxh8 Bb4+ 13. Qc3 Bxc3+ 14. Nxc3 c6 15. O-O Kg7 16. h3 Be6 17. e4 d4 18. Ne2 Nf7 19. Ng3 Ne5 20. Be2 Qd6 21. Rad1 Rd8 22. Rd2 Qf8 23. Rfd1 c5 24. c3 Nc6 25. Bb5 dxc3 26. Rxd8 Nxd8 27. bxc3 Nf7 28. e5 c4 29. Nh5+ Kh6 30. Nf6 Qc5 31. Ba4 b5 32. Bc2 Qxe5 33. Ne4 Bf5 34. Rd4 Bxe4 35. Bxe4 b4 36. Rxc4 bxc3 37. Bf3 Kg7 38. Bg4 Qe1+ 39. Kh2 Qe5+ 40. g3 Nd6 41. Rc7+ Kg6 42. h4 gxh4 0-1


[Site "https://www.chess.com"]

[Event "Titled Tuesday Blitz March 22 Late 2022"]
[White "Szpar, Milosz"]
[Black "Kujawski, Adam"]
[WhiteFideId "1184989"]
[BlackFideId "1100920"]
[WhiteElo "2447"]
[BlackElo "2053"]
[Result "0-1"]
[Round "07"]
[TimeControl "180+1"]
[Date "2022.03.22"]
[WhiteClock "0:01:24"]
[BlackClock "0:00:10"]

1. e4 e5 2. Nf3 Nc6 3. Bb5 a6 4. Ba4 Nf6 5. O-O Be7 6. Re1 b5 7. Bb3 d6 8. c3 O-O 9. d4 Bg4 10. Be3 Bh5 11. h3 exd4 12. cxd4 Na5 13. Bc2 Nc4 14. Bc1 c5 15. b3 Nb6 16. Bb2 cxd4 17. g4 Bg6 18. Nxd4 d5 19. Nc6 Qc7 20. Nxe7+ Qxe7 21. e5 Ne4 22. Nd2 Qh4 23. Nxe4 dxe4 24. Qd4 Qxh3 25. Re3 Qxg4+ 26. Rg3 Qe6 27. Bxe4 Rfd8 28. Qe3 Nd5 29. Qf3 Rac8 30. Kg2 Bxe4 31. Qxe4 f5 32. Qh4 g6 33. Rh1 Rd7 34. Rgh3 Rc2 35. Qxh7+ Rxh7 36. Rxh7 Nf4+ 37. Kf3 Nh5 38. Ra7 Qd5+ 0-1


[Site "https://www.chess.com"]

[Event "Titled Tuesday Blitz March 22 Late 2022"]
[White "Tan, Jun Ying"]
[Black "Bernal Moro, Luis Javier"]
[WhiteFideId "5710413"]
[BlackFideId "2200236"]
[WhiteElo "1827"]
[BlackElo "2373"]
[Result "1-0"]
[Round "07"]
[TimeControl "180+1"]
[Date "2022.03.22"]
[WhiteClock "0:00:13"]
[BlackClock "0:00:04"]

1. d4 Nf6 2. c4 g6 3. Nc3 Bg7 4. e4 d6 5. Nf3 O-O 6. Be2 e5 7. O-O Qe8 8. d5 a5 9. Ne1 Na6 10. Nd3 Nd7 11. Be3 f5 12. f3 f4 13. Bf2 h5 14. a3 Nac5 15. Nxc5 Nxc5 16. Nb5 Qd8 17. b4 Nd7 18. c5 Nf6 19. Rc1 Rf7 20. Qc2 Bf8 21. cxd6 Bxd6 22. Nxd6 cxd6 23. Bh4 Rg7 24. Bg5 Qb6+ 25. Kh1 Nh7 26. Qxc8+ Rxc8 27. Rxc8+ Nf8 28. bxa5 Qxa5 29. Rb1 Rc7 30. Bd8 Rxc8 31. Bxa5 1-0


[Site "https://www.chess.com"]

[Event "Titled Tuesday Blitz March 22 Late 2022"]
[White "Tanenbaum, Zachary"]
[Black "Milosevic, Milos"]
[WhiteFideId "2060850"]
[BlackFideId "964875"]
[WhiteElo "2168"]
[BlackElo "2237"]
[Result "0-1"]
[Round "07"]
[TimeControl "180+1"]
[Date "2022.03.22"]
[WhiteClock "0:00:01"]
[BlackClock "0:00:42"]

1. e4 c5 2. Nf3 Nc6 3. Nc3 Nf6 4. Bb5 Qc7 5. O-O Nd4 6. Re1 a6 7. Bf1 e5 8. Bc4 d6 9. d3 h6 10. Nxd4 cxd4 11. Nd5 Nxd5 12. Bxd5 Be7 13. Bd2 O-O 14. Qh5 Bf6 15. c3 dxc3 16. bxc3 Qe7 17. Rab1 Rb8 18. Rb6 Be6 19. c4 Bxd5 20. exd5 Qc7 21. Be3 e4 22. c5 exd3 23. Rxd6 Qa5 24. Rd1 Be7 25. Rd7 Bxc5 26. d6 b6 27. Qg4 Bxe3 28. fxe3 Qxa2 29. Rxd3 b5 30. h3 b4 31. e4 b3 32. Rg3 Qa1+ 33. Kh2 Qd4 34. Re7 b2 0-1


[Site "https://www.chess.com"]

[Event "Titled Tuesday Blitz March 22 Late 2022"]
[White "Terletsky, Oleg"]
[Black "Broca Jimenez, Fernando"]
[WhiteFideId "14116774"]
[BlackFideId "5104742"]
[WhiteElo "2064"]
[BlackElo "2062"]
[Result "1-0"]
[Round "07"]
[TimeControl "180+1"]
[Date "2022.03.22"]
[WhiteClock "0:01:45"]
[BlackClock "0:00:27"]

1. e4 c5 2. Nf3 d6 3. d4 cxd4 4. Nxd4 Nf6 5. Nc3 a6 6. Bc4 e6 7. O-O Be7 8. Qf3 Qc7 9. Bb3 O-O 10. Qg3 Kh8 11. a4 Bd7 12. Be3 Nc6 13. f4 Rac8 14. f5 d5 15. Qxc7 Rxc7 16. fxe6 Nxd4 17. Bxd4 Bxe6 18. exd5 Bd7 19. Rae1 Bg4 20. Rxe7 Rxe7 21. Rxf6 1-0


[Site "https://www.chess.com"]

[Event "Titled Tuesday Blitz March 22 Late 2022"]
[White "Thavandiran, Shiyam"]
[Black "Taichman, Ori"]
[WhiteFideId "2605058"]
[BlackFideId "2804069"]
[WhiteElo "2357"]
[BlackElo "2227"]
[Result "1-0"]
[Round "07"]
[TimeControl "180+1"]
[Date "2022.03.22"]
[WhiteClock "0:00:08"]
[BlackClock "0:00:05"]

1. e4 c5 2. Nf3 Nc6 3. d4 cxd4 4. Nxd4 d5 5. Bb5 dxe4 6. O-O Bd7 7. Nxc6 Bxc6 8. Bxc6+ bxc6 9. Qe2 Nf6 10. Nc3 Qd4 11. Bg5 e5 12. Rad1 Qb4 13. Bxf6 gxf6 14. Nxe4 Be7 15. Qg4 Kf8 16. b3 h5 17. Qf3 Rh6 18. h3 Kg7 19. Ng3 Rg6 20. Nf5+ Kf8 21. Qxh5 Qe4 22. Qh8+ Rg8 23. Qh6+ Ke8 24. Ng3 Qg6 25. Qe3 Kf8 26. c4 Re8 27. Qf3 Bc5 28. Kh1 Bxf2 29. Rxf2 Qxg3 30. Qxf6 Rg7 31. Rd7 Re6 32. Rd8+ Re8 33. Qd6+ Kg8 34. Rxe8+ Kh7 35. Qd2 e4 36. Qe2 e3 37. Rxe3 Qg6 38. Re4 f5 39. Ref4 Rf7 40. Qf3 Qf6 41. Rxf5 Qa1+ 42. Kh2 Rxf5 43. Qxf5+ Kh8 44. Rf4 Qg7 45. Rh4+ Kg8 46. Rg4 Qxg4 47. Qxg4+ 1-0


[Site "https://www.chess.com"]

[Event "Titled Tuesday Blitz March 22 Late 2022"]
[White "Urazayev, Arystanbek"]
[Black "Maksimovic, Bojan"]
[WhiteFideId "13709810"]
[BlackFideId "14408120"]
[WhiteElo "2393"]
[BlackElo "2448"]
[Result "0-1"]
[Round "07"]
[TimeControl "180+1"]
[Date "2022.03.22"]
[WhiteClock "0:00:37"]
[BlackClock "0:00:09"]

1. d4 d5 2. c4 e5 3. dxe5 d4 4. g3 Nc6 5. Nf3 Nge7 6. Bg2 Ng6 7. O-O Ngxe5 8. Nxe5 Nxe5 9. Nd2 Be7 10. b4 O-O 11. a3 a5 12. Bb2 axb4 13. axb4 Rxa1 14. Qxa1 Bxb4 15. Bxd4 Nc6 16. Bxc6 bxc6 17. Nf3 Re8 18. Bxg7 Bg4 19. Bf6 Qd6 20. Rd1 Qe6 21. Qb2 Bf8 22. Rd4 Bh5 23. Rh4 Bg6 24. e3 Ra8 25. Ng5 Qf5 26. Rf4 Qd7 27. Rd4 Qf5 28. Rd8 Rxd8 29. Bxd8 h6 30. e4 Qd7 31. Bf6 hxg5 32. Qe5 Qd1+ 33. Kg2 g4 34. h3 Qf3+ 35. Kh2 Qxf2+ 36. Kh1 Qf1+ 37. Kh2 Qe2+ 38. Kg1 Qe1+ 39. Kh2 Qxe4 40. Qxe4 Bxe4 41. h4 Bd3 42. Kg2 Bxc4 43. Kf2 Bd5 44. Ke3 Bg7 45. Kf4 Bxf6 46. Kf5 Kg7 47. h5 Be6+ 48. Kf4 Be7 49. h6+ Kxh6 50. Ke5 Kg6 51. Kf4 f6 0-1


[Site "https://www.chess.com"]

[Event "Titled Tuesday Blitz March 22 Late 2022"]
[White "Vine, Elzbieta"]
[Black "Van den Dikkenberg, Erik"]
[WhiteFideId "1119320"]
[BlackFideId "1005880"]
[WhiteElo "1831"]
[BlackElo "2118"]
[Result "0-1"]
[Round "07"]
[TimeControl "180+1"]
[Date "2022.03.22"]
[WhiteClock "0:01:08"]
[BlackClock "0:02:00"]

1. e4 c5 2. Nf3 d6 3. d4 cxd4 4. Nxd4 Nf6 5. Nc3 a6 6. Bg5 e6 7. f4 Nc6 8. Qd2 h6 9. Bh4 Nxe4 10. Nxe4 Qxh4+ 11. g3 Qd8 12. O-O-O d5 13. Nxc6 bxc6 14. f5 Qb6 15. fxe6 Bxe6 16. Nc3 Rb8 17. b3 Qa5 18. h4 Bb4 19. Kb2 O-O 20. Bd3 d4 21. Qc1 Ba3+ 0-1


[Site "https://www.chess.com"]

[Event "Titled Tuesday Blitz March 22 Late 2022"]
[White "Vovk, Orest"]
[Black "Rastbod, Ali"]
[WhiteFideId "14113490"]
[BlackFideId "12567477"]
[WhiteElo "2203"]
[BlackElo "2200"]
[Result "0-1"]
[Round "07"]
[TimeControl "180+1"]
[Date "2022.03.22"]
[WhiteClock "0:01:20"]
[BlackClock "0:02:09"]

1. d4 Nf6 2. Nf3 c5 3. c3 Qb6 4. Qb3 d5 5. Qxb6 axb6 6. e3 Nc6 7. Be2 Bf5 8. O-O h6 9. Bd2 c4 10. Na3 Ra5 11. Rfc1 e6 12. Nc2 Bd6 13. a3 g5 14. Nb4 Ke7 15. Nxc6+ bxc6 16. Be1 c5 17. Bd1 Bd3 18. Bc2 Ne4 19. Bxd3 cxd3 20. c4 Ra4 21. b3 Ra6 22. Bc3 Rha8 23. a4 dxc4 24. bxc4 Rxa4 25. Rxa4 Rxa4 26. dxc5 bxc5 27. g3 Rxc4 28. Bf6+ Kxf6 29. Rxc4 d2 30. Nxd2 Nxd2 31. Rc2 Nf3+ 32. Kg2 Ne1+ 0-1


[Site "https://www.chess.com"]

[Event "Titled Tuesday Blitz March 22 Late 2022"]
[White "Weber, Samuel"]
[Black "Brahami, Lamine"]
[WhiteFideId "12924008"]
[BlackFideId "7905637"]
[WhiteElo "2215"]
[BlackElo "1909"]
[Result "0-1"]
[Round "07"]
[TimeControl "180+1"]
[Date "2022.03.22"]
[WhiteClock "0:00:19"]
[BlackClock "0:00:19"]

1. e4 c5 2. Nf3 d6 3. d4 cxd4 4. Nxd4 Nf6 5. Nc3 a6 6. Be3 e5 7. Nde2 Ng4 8. Qd2 Nxe3 9. fxe3 Be6 10. O-O-O Nd7 11. Ng3 Be7 12. Nf5 Bxf5 13. exf5 Nf6 14. Bc4 Rc8 15. Bb3 O-O 16. g4 h6 17. h4 Nxg4 18. h5 Bg5 19. Kb1 Nxe3 20. Rdg1 Nxf5 21. Qd3 Nd4 22. Bd5 Qa5 23. Rf1 Rc5 24. Bxf7+ Rxf7 25. Rxf7 Kxf7 26. Qg6+ Ke7 27. Ne4 Ne6 28. Rf1 Rd5 29. Qf7+ Kd8 30. Qxe6 Kc7 31. Nc3 Rd4 32. a3 Kb8 33. Qg8+ Ka7 34. Qxg7 Bd2 35. Na2 Qb6 36. Qg3 Bf4 37. Qc3 Rd2 38. Nb4 a5 39. Nd3 Rg2 40. Ka2 Bg5 41. Qc4 Qc6 42. Qxc6 bxc6 43. Kb3 e4 44. Ne1 Re2 45. c3 d5 46. a4 c5 47. c4 d4 48. Rf7+ Kb6 49. Nc2 d3 50. Na3 d2 51. Kc2 Re1 52. Rd7 Rc1+ 53. Kb3 d1=Q+ 54. Rxd1 Rxd1 0-1


[Site "https://www.chess.com"]

[Event "Titled Tuesday Blitz March 22 Late 2022"]
[White "Weetik, Vjacheslav"]
[Black "Shandrygin, Nikita"]
[WhiteFideId "4153472"]
[BlackFideId "24198668"]
[WhiteElo "2469"]
[BlackElo "2324"]
[Result "1-0"]
[Round "07"]
[TimeControl "180+1"]
[Date "2022.03.22"]
[WhiteClock "0:00:06"]
[BlackClock "0:00:07"]

1. e4 c5 2. Nf3 e6 3. d4 cxd4 4. Nxd4 Nf6 5. Nc3 Nc6 6. a3 Qc7 7. Be3 a6 8. Be2 Be7 9. O-O O-O 10. f4 d6 11. Qe1 Nxd4 12. Bxd4 Nd7 13. Qg3 Bf6 14. Bxf6 Nxf6 15. Bd3 Nd7 16. Kh1 b5 17. Rae1 e5 18. Nd5 Qd8 19. Be2 Bb7 20. fxe5 Bxd5 21. exd5 Nxe5 22. c3 h6 23. Rf5 Qe7 24. Bd1 Rae8 25. Bc2 g6 26. Rff1 Qg5 27. Qxg5 hxg5 28. a4 Nc4 29. axb5 axb5 30. Bd3 Ne3 31. Bxb5 Nxf1 32. Rxe8 Rxe8 33. Bxe8 Ne3 34. Bc6 Nd1 35. b4 Nxc3 36. Kg1 Kf8 37. Kf2 Ke7 38. Ke3 Kd8 39. Kd4 Ne2+ 40. Kc4 Kc7 41. Be8 f6 42. Bxg6 Nf4 43. Be4 Kb6 44. g3 Ne2 45. Kd3 Nc1+ 46. Ke3 Na2 47. h4 gxh4 48. gxh4 Nxb4 49. h5 f5 50. h6 fxe4 51. h7 Nxd5+ 52. Kf2 e3+ 53. Ke1 Kc5 54. h8=Q Kc4 55. Ke2 Nc3+ 56. Kxe3 d5 57. Qd4+ Kb3 58. Kd3 Na4 59. Qxd5+ Kb4 60. Qc4+ Ka5 61. Kd4 Nb6 62. Qc5+ Ka6 63. Qd6 Kb5 64. Qf8 Na4 65. Qe8+ Ka5 66. Qh8 Kb4 67. Qb8+ Ka5 68. Kc4 Nb6+ 69. Kb3 Kb5 70. Qe8+ Kc5 71. Qf8+ Kb5 72. Qf5+ Kc6 73. Kb4 Nd5+ 74. Ka5 Kc5 75. Qe5 Kc4 76. Qd6 Kd4 77. Kb5 Ke4 78. Kc5 Nf4 79. Qe7+ Kf5 80. Qf7+ Ke5 81. Qe8+ Ne6+ 82. Kc6 Kf6 83. Kd6 Ng7 84. Qf8+ Kg6 85. Ke5 Nh5 86. Qg8+ Kh6 87. Kf5 Ng7+ 88. Kf6 Nh5+ 89. Kf7 Nf4 90. Qg4 Nh5 91. Qg6# 1-0


[Site "https://www.chess.com"]

[Event "Titled Tuesday Blitz March 22 Late 2022"]
[White "Wieczorek, Oskar"]
[Black "Horak, Martin"]
[WhiteFideId "1133950"]
[BlackFideId "367095"]
[WhiteElo "2319"]
[BlackElo "1997"]
[Result "0-1"]
[Round "07"]
[TimeControl "180+1"]
[Date "2022.03.22"]
[WhiteClock "0:00:49"]
[BlackClock "0:00:20"]

1. e4 e5 2. Nf3 Nc6 3. Nc3 Nf6 4. h3 d5 5. exd5 Nxd5 6. Bb5 Nxc3 7. bxc3 Bd6 8. O-O O-O 9. d4 exd4 10. cxd4 h6 11. c4 Qf6 12. Bb2 Qg6 13. Bxc6 bxc6 14. c5 Bf4 15. Bc1 Bxh3 16. Nh4 Qg5 17. Qf3 Bxc1 18. Qxh3 Bb2 19. Rad1 Rfd8 20. Nf3 Qf6 21. Rd3 Bxd4 22. Rfd1 Bxc5 23. Qg4 Rxd3 24. Rxd3 Rd8 25. Rxd8+ Qxd8 26. Qc4 Qd1+ 27. Kh2 Bd6+ 0-1


[Site "https://www.chess.com"]

[Event "Titled Tuesday Blitz March 22 Late 2022"]
[White "Zanette, Edgard Vinicius"]
[Black "Mekhitarian, Krikor Sevag"]
[WhiteFideId "2109263"]
[BlackFideId "2107660"]
[WhiteElo "2182"]
[BlackElo "2598"]
[Result "0-1"]
[Round "07"]
[TimeControl "180+1"]
[Date "2022.03.22"]
[WhiteClock "0:00:01"]
[BlackClock "0:00:02"]

1. e4 c5 2. Nc3 e6 3. Nge2 a6 4. g3 b5 5. Bg2 Bb7 6. O-O Nf6 7. d3 d6 8. h3 Qc7 9. Bf4 Nbd7 10. g4 h6 11. Bg3 Be7 12. a4 b4 13. Nb1 O-O 14. Nd2 a5 15. Nc4 Ne5 16. Nxe5 dxe5 17. b3 Bd6 18. Kh1 Nd7 19. Ng1 Rfe8 20. Nf3 Nf8 21. Nd2 Ng6 22. Nc4 Rad8 23. Qc1 Ba6 24. Ne3 Nf4 25. Re1 Be7 26. Bf1 Bg5 27. Qb2 Bf6 28. Kh2 Qe7 29. Rad1 Rd4 30. Ng2 Red8 31. Qc1 Ng6 32. f3 Bg5 33. Ne3 Qf6 34. Bg2 Bf4 35. Bxf4 exf4 36. Nf1 Ne5 37. Qd2 c4 38. bxc4 Nxc4 39. Qf2 Ne5 40. Rc1 g5 41. Red1 Kg7 42. Nd2 Nc6 43. Nb3 R4d6 44. Qb6 Nd4 45. Qc5 Ne2 46. Ra1 e5 47. Qxa5 Nc3 48. Rd2 Rb8 49. Qc5 Rc6 50. Qf2 Qd6 51. Nc1 Rd8 52. Bf1 Qd4 53. Nb3 Qxf2+ 54. Rxf2 Ra8 55. a5 Bc8 56. Rd2 Be6 57. Rdd1 Bxb3 58. cxb3 Nb5 59. Rdc1 Rc3 60. a6 Nd4 61. a7 Rxc1 0-1


[Site "https://www.chess.com"]

[Event "Titled Tuesday Blitz March 22 Late 2022"]
[White "Zhigalko, Sergei"]
[Black "Rostovtsev, Dmitry"]
[WhiteFideId "13502956"]
[BlackFideId "34278320"]
[WhiteElo "2662"]
[BlackElo "2359"]
[Result "1-0"]
[Round "07"]
[TimeControl "180+1"]
[Date "2022.03.22"]
[WhiteClock "0:00:04"]
[BlackClock "0:00:12"]

1. e4 e5 2. Nf3 Nc6 3. Bc4 Bc5 4. b4 Bxb4 5. c3 Be7 6. d4 d6 7. Qb3 Na5 8. Bxf7+ Kf8 9. Qa4 Kxf7 10. Qxa5 exd4 11. cxd4 c6 12. Qc3 Nf6 13. Qb3+ d5 14. Ne5+ Kg8 15. Nc3 Qb6 16. exd5 Qxb3 17. axb3 Nxd5 18. Nxd5 cxd5 19. Ba3 Bf6 20. O-O Bf5 21. Rfc1 h6 22. Rc7 Kh7 23. Be7 Rhc8 24. Rxb7 Bxe5 25. dxe5 Kg8 26. h3 d4 27. g4 Be4 28. Rd7 d3 29. b4 Rc2 30. Bc5 a6 31. e6 Re8 32. e7 Kf7 33. Re1 Bh7 34. Kg2 h5 35. Re3 hxg4 36. hxg4 Re2 37. Rf3+ Kg6 38. Rf8 R2xe7 39. Bxe7 1-0


[Site "https://www.chess.com"]

[Event "Titled Tuesday Blitz March 22 Late 2022"]
[White "Zhou, Qiyu"]
[Black "Akobian, Varuzhan"]
[WhiteFideId "505161"]
[BlackFideId "13300580"]
[WhiteElo "1925"]
[BlackElo "2634"]
[Result "0-1"]
[Round "07"]
[TimeControl "180+1"]
[Date "2022.03.22"]
[WhiteClock "0:00:12"]
[BlackClock "0:00:03"]

1. e4 e6 2. d4 d5 3. Nc3 Nf6 4. e5 Nfd7 5. f4 c5 6. Nf3 Nc6 7. Be3 cxd4 8. Nxd4 Bc5 9. Qd2 O-O 10. O-O-O Nxd4 11. Bxd4 a6 12. g4 b5 13. Bxc5 Nxc5 14. Qd4 Qc7 15. Bd3 Rb8 16. f5 b4 17. Ne2 Nd7 18. fxe6 fxe6 19. Nf4 Qxe5 20. Qxe5 Nxe5 21. Rhe1 Rxf4 22. Rxe5 Bd7 23. g5 a5 24. Rde1 Rbf8 25. R1e3 g6 26. h3 Rf3 27. Be2 Rxe3 28. Rxe3 Kf7 29. Bg4 Ke7 30. Kd2 Kd6 31. Be2 e5 32. h4 d4 33. Rg3 Rf2 34. Ke1 Rh2 35. h5 Bf5 36. hxg6 hxg6 37. c3 bxc3 38. bxc3 Kc5 39. cxd4+ Kxd4 40. Ra3 e4 41. Rxa5 Ke3 42. Ra3+ Kf4 43. Bb5 Kxg5 44. Rg3+ Kf4 45. a4 Kxg3 46. a5 Ra2 47. a6 Bc8 0-1


[Site "https://www.chess.com"]

[Event "Titled Tuesday Blitz March 22 Late 2022"]
[White "Zhurbinsky, David"]
[Black "Mirza, Diana"]
[WhiteFideId "2072904"]
[BlackFideId "2503999"]
[WhiteElo "2553"]
[BlackElo "1813"]
[Result "1-0"]
[Round "07"]
[TimeControl "180+1"]
[Date "2022.03.22"]
[WhiteClock "0:01:26"]
[BlackClock "0:01:36"]

1. e4 d5 2. exd5 Qxd5 3. Nf3 Qd8 4. d4 Bg4 5. Be2 c6 6. c4 Nf6 7. Nc3 e6 8. O-O Bd6 9. h3 Bxf3 10. Bxf3 O-O 11. Bg5 Nbd7 12. Re1 h6 13. Be3 Nb6 14. c5 Nbd5 15. cxd6 Nxe3 16. fxe3 Qxd6 17. e4 Qg3 18. Qe2 Rad8 19. Rad1 Nd7 20. e5 Nb6 21. Ne4 Qg6 22. Bh5 Qf5 23. Rf1 Qh7 24. Qg4 Kh8 25. Bxf7 Nd5 26. Bg6 Qg8 27. Rxf8 Rxf8 28. Re1 Rf4 29. Qg3 Qf8 30. Nd6 Rxd4 31. Rf1 Qe7 32. Nf7+ Kg8 33. Nxh6+ gxh6 34. Bf7+ Kf8 35. Qg8# 1-0


[Site "https://www.chess.com"]

[Event "Titled Tuesday Blitz March 22 Late 2022"]
[White "Abdrlauf, Elham"]
[Black "Maksimovic, Bojan"]
[WhiteFideId "1533533"]
[BlackFideId "14408120"]
[WhiteElo "2334"]
[BlackElo "2448"]
[Result "1-0"]
[Round "08"]
[TimeControl "180+1"]
[Date "2022.03.22"]
[WhiteClock "0:00:06"]
[BlackClock "0:00:05"]

1. e4 c5 2. Nf3 Nc6 3. d4 cxd4 4. Nxd4 Nf6 5. Nc3 e5 6. Nde2 Bc5 7. Ng3 d6 8. Na4 Bb4+ 9. c3 Ba5 10. Bd3 h6 11. O-O O-O 12. Qe2 Be6 13. h3 a6 14. b4 Bc7 15. Rd1 Qe7 16. Nb2 a5 17. b5 Nb8 18. Nc4 Nbd7 19. Ne3 Rfd8 20. Nef5 Qf8 21. Be3 Bb6 22. Bc4 Bxe3 23. Nxe3 Nb6 24. Bxe6 fxe6 25. Nc4 Nxc4 26. Qxc4 Qf7 27. Rd3 Rac8 28. Qa4 b6 29. Rad1 d5 30. exd5 exd5 31. Qh4 Rf8 32. Nf5 Qe6 33. Rf3 Rc4 34. Nxh6+ Kh7 35. Ng4+ Kg8 36. Nxf6+ Rxf6 37. Rxf6 gxf6 38. Qg3+ Kf7 39. Qd3 Rc5 40. Qh7+ Ke8 41. Rd3 Qf7 42. Qh8+ Qf8 43. Qh5+ Qf7 44. Qf5 Ke7 45. Rg3 Qe6 46. Qh7+ Kd6 47. a4 Rc4 48. Qb7 e4 49. Qxb6+ Ke5 50. Qb8+ Qd6 51. Qe8+ Qe6 52. Qb8+ Qd6 53. Qh8 1-0


[Site "https://www.chess.com"]

[Event "Titled Tuesday Blitz March 22 Late 2022"]
[White "Adewumi, Tanitoluwa"]
[Black "Perez Torres, Nabi Isaias"]
[WhiteFideId "30966396"]
[BlackFideId "5120373"]
[WhiteElo "2536"]
[BlackElo "1755"]
[Result "1-0"]
[Round "08"]
[TimeControl "180+1"]
[Date "2022.03.22"]
[WhiteClock "0:00:04"]
[BlackClock "0:00:12"]

1. Nf3 Nf6 2. b3 g6 3. Bb2 Bg7 4. e3 d6 5. c4 c6 6. Nc3 e5 7. d4 e4 8. Nd2 d5 9. Be2 O-O 10. O-O Re8 11. b4 h5 12. b5 cxb5 13. Nxb5 a6 14. Nc3 Nc6 15. cxd5 Nb4 16. Bc4 b5 17. Bb3 Bb7 18. a4 Nd3 19. Qb1 b4 20. Ncxe4 Nxb2 21. Nxf6+ Qxf6 22. Qxb2 h4 23. h3 g5 24. Rae1 Bc8 25. Nf3 g4 26. hxg4 Bxg4 27. Ne5 Bf5 28. d6 Be6 29. Bxe6 Rxe6 30. Qe2 Rxd6 31. a5 Rd5 32. Rb1 Rb5 33. Rfc1 Rab8 34. Rc6 Qd8 35. Nc4 b3 36. Rxa6 Qd5 37. Rb6 Ra8 38. Qf3 Rbxa5 39. Nxa5 Qxa5 40. R6xb3 Kh7 41. Qe4+ Kh6 42. Qf3 Ra6 43. Rb5 Qd2 44. Qh5# 1-0


[Site "https://www.chess.com"]

[Event "Titled Tuesday Blitz March 22 Late 2022"]
[White "Al-Tarboush, Ward"]
[Black "Milosevic, Milos"]
[WhiteFideId "7601450"]
[BlackFideId "964875"]
[WhiteElo "2276"]
[BlackElo "2237"]
[Result "0-1"]
[Round "08"]
[TimeControl "180+1"]
[Date "2022.03.22"]
[WhiteClock "0:00:47"]
[BlackClock "0:00:10"]

1. e4 c5 2. Nf3 Nc6 3. d4 cxd4 4. Nxd4 Nf6 5. Nc3 e5 6. Ndb5 d6 7. Nd5 Nxd5 8. exd5 Nb8 9. c4 a6 10. Nc3 Bf5 11. Bd3 Bxd3 12. Qxd3 Be7 13. O-O O-O 14. Be3 f5 15. f3 Bg5 16. Bf2 Nd7 17. b4 Rc8 18. Na4 e4 19. fxe4 fxe4 20. Qxe4 Re8 21. Qf5 Rxc4 22. Nb6 Nxb6 23. Bxb6 Qxb6+ 24. Kh1 Bf6 25. Rae1 Rxe1 26. Rxe1 Qd8 27. Qh5 g6 28. Qh3 Rxb4 29. Rf1 Kg7 30. Qe6 Rb2 31. h4 Rxa2 32. h5 gxh5 33. Qf5 Ra1 34. Rxa1 Bxa1 35. Qxh5 Qf6 36. Qg4+ Kh6 37. Qh3+ Kg6 38. Qg4+ Qg5 39. Qe6+ Kh5 40. Qf7+ Kh6 41. Qf8+ Bg7 42. Qxd6+ Bf6 43. Qe6 Qc1+ 44. Kh2 Qf4+ 45. Kh1 Qh4+ 46. Kg1 Qd4+ 47. Kh1 Qe5 48. Qf7 Qh5+ 0-1


[Site "https://www.chess.com"]

[Event "Titled Tuesday Blitz March 22 Late 2022"]
[White "Altman, Joshua"]
[Black "Dardha, Daniel"]
[WhiteFideId "426210"]
[BlackFideId "240990"]
[WhiteElo "1945"]
[BlackElo "2482"]
[Result "1-0"]
[Round "08"]
[TimeControl "180+1"]
[Date "2022.03.22"]
[WhiteClock "0:00:14"]
[BlackClock "0:00:02"]

1. d4 f5 2. Nc3 d5 3. Bf4 Be6 4. e3 Nf6 5. Bd3 Nbd7 6. Nf3 g6 7. O-O Bg7 8. Nb5 Rc8 9. Nxa7 Ra8 10. Nb5 Rc8 11. Rc1 c6 12. Nc3 O-O 13. Ne2 Ne4 14. c4 Kh8 15. cxd5 Bxd5 16. Bc4 e6 17. Bxd5 exd5 18. Qb3 Qb6 19. Qxb6 Nxb6 20. Ne5 Ra8 21. a3 g5 22. Bg3 Kg8 23. Nd3 Nc4 24. Rc2 h5 25. h4 Nxg3 26. Nxg3 gxh4 27. Nxh5 Bh8 28. Nhf4 Rfe8 29. Nc5 Re7 30. Ra1 Bf6 31. Ra2 Nd6 32. b3 Kf7 33. a4 Ne4 34. Nfd3 Rg8 35. Nxe4 fxe4 36. Nf4 Bg5 37. Nh3 Ke6 38. b4 Reg7 39. Kf1 Bh6 40. b5 cxb5 41. axb5 Rxg2 42. Rc7 Rh2 43. Nf4+ Bxf4 44. exf4 h3 45. Rxb7 e3 46. Ra6+ Kf5 47. Rf7+ Ke4 48. Re6+ Kf3 49. Rxe3+ Kg4 50. Rg3+ Kh4 51. Rxg8 Rh1+ 52. Ke2 1-0


[Site "https://www.chess.com"]